 Dungeon Sprint DCSS version 0.24.0-28-g17ded55e90 (webtiles) character file.

Game seed: 8802729271976127294, levelgen mode: deterministic

16 PentaManta the Covert (level 2, -2/14 HPs)
             Began as a Spriggan Assassin on Nov 13, 2019.
             Was a Priest of Lugonu.
             Slain by Edmund
             ... wielding a +1 dire flail of crushing
              (11 damage)
             ... in the Dungeon (Sprint VII: "The Pits").
             The game lasted 00:02:58 (157 turns).

PentaManta the Covert (Spriggan Assassin)            Turns: 157, Time: 00:02:59

Health: -2/14      AC:  3    Str:  7    XL:     2   Next: 41%
Magic:  3/3        EV: 20    Int: 12    God:    Lugonu [***...]
Gold:   0          SH:  0    Dex: 17    Spells: 1/1 levels left

rFire    . . .     SeeInvis +   a - +2 dagger
rCold    . . .     Gourm    .   (shield restricted)
rNeg     . . .     Faith    .   b - +0 robe
rPois    .         Spirit   .   (helmet restricted)
rElec    .         Reflect  .   c - +0 cloak
rCorr    .         Harm     .   (gloves unavailable)
MR       .....     NoTele   +   (boots unavailable)
Stlth    ++++......             (no amulet)
HPRegen  0.04/turn              (no ring)
MPRegen  0.08/turn              (no ring)

@: very quick
A: very small, unfitting armour, see invisible, herbivore, speed 3, slow
metabolism 2
a: Bend Space, Banish, Renounce Religion


You were in the Dungeon.
You worshipped Lugonu.
Lugonu was most pleased with you.
You were not hungry.

You visited 1 branch

Inventory:

Hand Weapons
 a - a +2 dagger (weapon)
Armour
 b - a +0 robe (worn)
 c - a +0 cloak (worn)
Scrolls
 l - a scroll of blinking
 n - 3 scrolls of remove curse
 o - 5 scrolls of amnesia
 p - a scroll of summoning
Potions
 g - a potion of curing
 h - a potion of heal wounds
 i - a potion of haste
 j - 4 potions of magic
 k - 3 potions of berserk rage
 m - 2 potions of invisibility
Comestibles
 f - 9 rations


   Skills:
 - Level 1.5 Fighting
 - Level 2.1 Short Blades
 - Level 2.0 Throwing
 + Level 5.2 Dodging
 + Level 8.1 Stealth


You had one spell level left.
You didn't know any spells.
Your spell library was empty.

Dungeon Overview and Level Annotations

Branches:
Dungeon (1/1)

Altars:
Ashenzari
Cheibriados
Dithmenos
Elyvilon
Fedhas
Gozag
Hepliaklqana
Kikubaaqudgha
Makhleb
Nemelex Xobeh
Okawaru
Qazlal
Ru
Sif Muna
Trog
Uskayaw
Vehumet
Wu Jian
Xom
Yredelemnul
Zin
The Shining One
Beogh
Jiyva
Lugonu

Annotations:
D Edmund


Innate Abilities, Weirdness & Mutations

You are very small and have problems with some larger weapons.
You are too small for most types of armour.
You have supernaturally acute eyesight. (SInv)
You are a herbivore.
You cover ground extremely quickly.
You need to consume almost no food.


Message History

Edmund is heavily wounded.
Throwing (i - inventory)
d - 2 poisoned darts (quivered)
Press: ? - help, Shift-Dir - straight line, f/p - Edmund
Aim: Edmund, wielding a +1 dire flail of crushing and wearing a cursed +0 chain mail (severely wounded, poisoned)
You throw a poisoned dart. The poisoned dart hits Edmund.
Edmund looks even sicker.
Edmund is severely wounded.
Throwing (i - inventory)
d - a poisoned dart (quivered)
Press: ? - help, Shift-Dir - straight line, f/p - Edmund
Aim: Edmund, wielding a +1 dire flail of crushing and wearing a cursed +0 chain mail (severely wounded, poisoned)
You throw a poisoned dart. The poisoned dart hits Edmund.
Edmund looks as sick as possible!
Edmund is severely wounded.
Firing (i - inventory) No suitable missiles.
Press: ? - help, Shift-Dir - straight line, f/p - Edmund
Aim: Edmund, wielding a +1 dire flail of crushing and wearing a cursed +0 chain mail (severely wounded, poisoned)
Okay, then.
Edmund hits you with a +1 dire flail of crushing!
Ouch! That really hurt!
You die...

_.# _.#
..###########++######
#'##................#
'.##......#..#......#
#.##................+
((.(.(.....(.(......+
####......#..#...@..#
..##............@...#
..#####'#####++######
'###.......#
..##.......#
..##.......#
####...<...#
#.......# #.......#
#.......#


You could see Edmund.

Vanquished Creatures
  An ooze (D)
  A leopard gecko (D)
  A goblin (D)
  3 jackals (D)
  A quokka (D)
  A bat (D)
  2 kobolds (D)
  A rat (D)
11 creatures vanquished.

Notes
Turn   | Place    | Note
-------+----------+-------------------------------------------
     0 | D        | PentaManta the Spriggan Assassin began the quest for the
                  | Orb.
     0 | D        | Reached XP level 1. HP: 10/10 MP: 2/2
    25 | D        | Reached skill level 6 in Stealth
    55 | D        | Found a glowing golden altar of the Shining One.
    55 | D        | Found a glowing silver altar of Zin.
    55 | D        | Found a basalt altar of Yredelemnul.
    55 | D        | Found a shimmering altar of Xom.
    55 | D        | Found an ornate altar of the Wu Jian Council.
    55 | D        | Found a bloodstained altar of Trog.
    55 | D        | Found a shimmering blue altar of Sif Muna.
    55 | D        | Found a sacrificial altar of Ru.
    55 | D        | Found a stormy altar of Qazlal.
    55 | D        | Found an iron altar of Okawaru.
    55 | D        | Found a sparkling altar of Nemelex Xobeh.
    55 | D        | Found a burning altar of Makhleb.
    55 | D        | Found a viscous altar of Jiyva.
    55 | D        | Found a hazy altar of Hepliaklqana.
    55 | D        | Found an opulent altar of Gozag.
    55 | D        | Found a blossoming altar of Fedhas.
    55 | D        | Found a white marble altar of Elyvilon.
    55 | D        | Found a shadowy altar of Dithmenos.
    55 | D        | Found a snail-covered altar of Cheibriados.
    56 | D        | Found a radiant altar of Vehumet.
    56 | D        | Found a corrupted altar of Lugonu.
    56 | D        | Found a roughly hewn altar of Beogh.
    57 | D        | Found a hide-covered altar of Uskayaw.
    57 | D        | Found an ancient bone altar of Kikubaaqudgha.
    57 | D        | Found a shattered altar of Ashenzari.
    66 | D        | Became a worshipper of Lugonu the Unformed
    66 | D        | Reached * piety under Lugonu
    86 | D        | Reached skill level 7 in Stealth
    87 | D        | Reached ** piety under Lugonu
    92 | D        | Reached XP level 2. HP: 14/14 MP: 3/3
   106 | D        | Reached *** piety under Lugonu
   109 | D        | Noticed Edmund
   116 | D        | Reached skill level 5 in Dodging
   118 | D        | Reached skill level 8 in Stealth
   157 | D        | Slain by Edmund

Levels and vault maps discovered:
D:        pitsprint [storerooms_1, entrance_room_1, metal_vault_2, armoury_3,
          mini_pit_1, grid_room_1, main_hall_1, silver_pit, the_coven_3,
          the_vestibule_1, steel_vault_3, golden_pit, hallway_of_sentries,
          crystal_vault_3, iron_vault_2, final_vault]

Skill      XL: |  1  2 |
---------------+-------+-----
Dodging        | 4 5 |  5.2
Stealth        | 7 8 |  8.1
Fighting       | |  1.5
Short Blades   | |  2.1
Throwing       | |  2.0

Action                   || total
-------------------------++-------
Melee: Dagger            ||    26
Throw: Dart              ||    10
 Stab: Sleeping          ||     4
Armor: Robe              ||     3
Dodge: Dodged            ||    18
